 Dungeon Crawl Stone Soup version 0.24.0-125-gc4c63601f3 (webtiles) character file.

Game seed: 11207217854532327263, levelgen mode: deterministic

21 LraC the Grave Robber (level 2, -6/19 HPs)
             Began as a Demonspawn Necromancer on Mar 5, 2020.
             Killed from afar by a bat skeleton (20 damage)
             ... with an exploding inner flame
             ... animated by the player character
             ... hexed by the player character
             ... on level 2 of the Dungeon.
             The game lasted 00:10:50 (792 turns).

LraC the Grave Robber (Demonspawn Necromancer)       Turns: 792, Time: 00:10:51

Health: -6/19      AC:  2    Str:  8    XL:     2   Next: 65%
Magic:  5/5        EV: 12    Int: 16    God:
Gold:   42         SH:  0    Dex: 13    Spells: 3/5 levels left

rFire    . . .     SeeInvis .   k - +0 dagger
rCold    . . .     Gourm    .   (no shield)
rNeg     . . .     Faith    .   a - +0 robe
rPois    .         Spirit   .   (no helmet)
rElec    .         Reflect  .   (no cloak)
rCorr    .         Harm     .   (no gloves)
MR       .....                  (no boots)
Stlth    ++........             (no amulet)
HPRegen  0.06/turn              (no ring)
MPRegen  0.09/turn              (no ring)

@: no status effects
A: spiny 1
a: no special abilities


You were on level 2 of the Dungeon.
You were not hungry.

You visited 1 branch of the dungeon, and saw 2 of its levels.

You collected 42 gold pieces.

Inventory:

Hand Weapons
 d - a cursed +0 club
 h - a +0 hand axe
 j - a +0 whip
 k - a +0 dagger (weapon)
 l - a +0 club
 n - a +0 club
 p - a +0 whip
 q - a +0 whip
Missiles
 f - 2 boomerangs (quivered)
 m - 15 bolts
 o - 5 stones
Armour
 a - a +0 robe (worn)
 g - a +0 leather armour
Scrolls
 e - 2 scrolls of identify
Potions
 i - a potion of curing
Comestibles
 b - 2 chunks of flesh
 c - 2 rations


   Skills:
 + Level 1.7 Dodging
 + Level 1.9 Stealth
 + Level 2.3 Spellcasting
 + Level 5.0 Necromancy


You had 3 spell levels left.
You knew the following spells:

 Your Spells              Type           Power        Failure   Level  Hunger
a - Pain                  Necr           ###.         2%          1    #......
b - Animate Skeleton      Necr           N/A          2%          1    #......

Your spell library contained the following spells:

 Spells                   Type           Power        Failure   Level  Hunger
 Vampiric Draining        Necr           ###.......   8%          3    ###....
 Regeneration             Chrm/Necr      #.........   22%         3    ###....
 Animate Dead             Necr           N/A          26%         4    #####..


Dungeon Overview and Level Annotations

Branches:
Dungeon (2/15)

Altars:


Innate Abilities, Weirdness & Mutations

You are partially covered in sharp spines.


Message History

Okay, then.
As you read the scroll labeled KEGHERRYLA, it crumbles to dust.
The creatures around you are filled with an inner flame!
It was a scroll of immolation.
Your bat skeleton hits the adder.
Your bat skeleton barely misses the adder.
The adder barely misses your bat skeleton.
Your bat skeleton closely misses the adder.
Your bat skeleton hits the adder but does no damage.
The adder barely misses your bat skeleton.
Your bat skeleton closely misses the adder.
Your bat skeleton misses the adder.
Your bat skeleton barely misses the adder.
The adder bites your bat skeleton.
Your bat skeleton hits the adder.
The adder barely misses your bat skeleton.
Your bat skeleton closely misses the adder. x2
The adder bites your bat skeleton.
Your bat skeleton explodes!
The fiery explosion engulfs you!!
Ouch! That really hurt!
You die...

...............
.......########
.###.......... ..
.###...####### .#
...#...########.#
................#
..........###...#
...#.###### #..####.#
...#.########...@§S.#
...'...........####.#
...###########.# ####
#.# #.# #.# ... #.#
#.#


You could see an adder (inner flame).

Vanquished Creatures
  3 bats
  4 goblins
  3 hobgoblins (D:1)
  A kobold (D:2)
  3 frilled lizards
  3 rats (D:1)
17 creatures vanquished.

Vanquished Creatures (collateral kills)
  A leopard gecko (D:1)
  A goblin (D:1)
  A rat (D:1)
3 creatures vanquished.

Grand Total: 20 creatures vanquished

Notes
Turn   | Place    | Note
-------+----------+-------------------------------------------
     0 | D:1      | LraC the Demonspawn Necromancer began the quest for the
                  | Orb.
     0 | D:1      | Reached XP level 1. HP: 13/13 MP: 3/3
     2 | D:1      | Learned a level 1 spell: Animate Skeleton
   294 | D:1      | Gained mutation: You are partially covered in sharp spines.
                  | [demonic ancestry]
   294 | D:1      | Reached XP level 2. HP: 14/19 MP: 3/5
   680 | D:2      | Reached skill level 5 in Necromancy
   792 | D:2      | Killed from afar by a bat skeleton

Levels and vault maps discovered:
D:1:      dpeg_arrival_castle, layout_basic
D:2:      layout_basic, first_ration, kennysheep_generic_room_13

Skill      XL: |  1  2 |
---------------+-------+-----
Necromancy     | 5 |  5.0
Dodging        | |  1.7
Stealth        | |  1.9
Spellcasting   | |  2.3

Action                   || total
-------------------------++-------
Melee: Unarmed           ||     5
Throw: Boomerang         ||     4
 Cast: Pain              ||    26
       Animate Skeleton  ||     9
  Use: Scroll            ||     3
       Potion            ||     4
Armor: Robe              ||     4
Dodge: Dodged            ||     3
